 Dungeon Crawl Stone Soup version 0.30-a0-331-g8ab09dc110 (webtiles) character file.

Game seed: 8842384410478199062

43 RascalDebosk the Magician (level 3, -13/22 (28) HPs)
             Began as a Djinni Reaver on Oct 29, 2022.
             Killed by divine providence
             ... invoked by an orc priest
              (14 damage)
             ... on level 2 of the Dungeon.
             The game lasted 00:18:27 (1492 turns).

RascalDebosk the Magician (Djinni Reaver)           Turns: 1492, Time: 00:18:27

HP:   -13/22 (28)   AC:  3    Str: 11    XL:     3   Next: 82%
Gold: 72            EV: 15    Int: 16    God:
                    SH:  0    Dex: 11

rFire   + + .      SeeInvis .    a - +0 falchion
rCold   x . .      Faith    .    (no shield)
rNeg    . . .      Spirit   .    b - +0 leather armour
rPois   ∞          Reflect  .    (no helmet)
rElec   .          Harm     .    (no cloak)
rCorr   .          Rampage  .    (no gloves)
Will    .....                    (boots unavailable)
Stlth   +.........               (no amulet)
HPRegen 0.23/turn                h - +4 ring of evasion
MPRegen 0.00/turn                (no ring)

@: immotile, flying, heavily drained
A: sickness immunity, fire resistance 2, cold vulnerability 1, float, innate
caster, HP casting, extra vitality 1
a: no special abilities


You were on level 2 of the Dungeon.
You visited 1 branch of the dungeon, and saw 2 of its levels.

You collected 72 gold pieces.

Inventory:

Hand Weapons
 a - a +0 falchion (weapon)
Armour
 b - a +0 leather armour (worn)
 c - a +0 buckler
Jewellery
 h - a +4 ring of evasion (left hand)
Scrolls
 d - a scroll of noise {unknown}
 f - a scroll of amnesia {unknown}
 i - a scroll of butterflies {unknown}
 j - a scroll of enchant armour {unknown}
Potions
 e - 3 potions of curing {unknown}
 g - a potion of haste {unknown}
 k - 2 potions of flight {unknown}


   Skills:
 - Level 2.0 Fighting
 - Level 2.6 Long Blades
 - Level 2.1 Dodging
 * Level 3.5 Spellcasting


You had 2 spell levels left.
You knew the following spells:

 Your Spells              Type           Power      Damage    Failure   Level
a - Kiss of Death         Conj/Necr      56%        2d9       5%          1
b - Momentum Strike       Conj/Tloc      28%        3d8       9%          2
c - Hailstorm             Conj/Ice       14%        3d5       16%         3
d - Shock                 Conj/Air       56%        1d6       5%          1
Your spell library was empty.

Dungeon Overview and Level Annotations

Branches:
Dungeon (2/15)

Altars:

Shops:
D:2 (


Innate Abilities, Weirdness & Mutations

You are immune to sickness and miasma.
You are immune to poison.
Your flesh is very heat resistant. (rF++)
You are vulnerable to cold. (rC-)
You float through the air rather than walking.
You learn spells naturally, not from books.
Your magical power is your life essence.
You have superior vitality. (+4 MHP)


Message History

Press: ? - help, Q - select action, (/) - cycle Shift-Dir - straight line, f - hobgoblin
Aim: a hobgoblin (68% to hit)
The zap misses the hobgoblin.
The kobold throws a stone.
The stone closely misses you.
Aiming: Shock (safe; 6% risk of failure)
Press: ? - help, Q - select action, (/) - cycle Shift-Dir - straight line, f/p - hobgoblin
Aim: a hobgoblin (68% to hit)
The zap hits the hobgoblin.
You kill the hobgoblin!
Aiming: Shock (safe; 5% risk of failure)
Press: ? - help, Q - select action, (/) - cycle Shift-Dir - straight line, f - kobold
Aim: a kobold, wielding a +0 short sword and quivering stones (60% to hit)
The zap hits the kobold.
The kobold is severely wounded.
Aiming: Shock (safe; 5% risk of failure)
Press: ? - help, Q - select action, (/) - cycle Shift-Dir - straight line, f/p - kobold
Aim: a kobold, wielding a +0 short sword and quivering stones (severely wounded, 60% to hit)
The zap hits the kobold.
You kill the kobold!
j - a scroll labelled KIN MAOTAE You reach down and open the door.
A giant cockroach comes into view.
Aiming: Shock (safe; 5% risk of failure)
Press: ? - help, Q - select action, (/) - cycle Shift-Dir - straight line, f - giant cockroach
Aim: a giant cockroach (68% to hit)
The zap misses the giant cockroach.
Aiming: Shock (safe; 5% risk of failure)
Press: ? - help, Q - select action, (/) - cycle Shift-Dir - straight line, f/p - giant cockroach
Aim: a giant cockroach (68% to hit)
The zap hits the giant cockroach.
The giant cockroach is heavily wounded.
Casting: Shock (safe; 5% risk of failure)
Confirm with . or Enter, or press ? or * to list all spells.
Aiming: Momentum Strike (safe; 9% risk of failure)
Press: ? - help, Dir - move target, f/p - giant cockroach
Aim: a giant cockroach (heavily wounded, 71% to hit)
The concentrated momentum hits the giant cockroach!
The giant cockroach dies!
You are unable to move.
You start resting.
You are no longer robbed of momentum.
Found a glowing yellow potion.
Found a stone staircase leading up.
There is an open door here.
A hobgoblin comes into view.
The hobgoblin shouts!
A giant cockroach comes into view.
Casting: Momentum Strike (safe; 9% risk of failure)
Confirm with . or Enter, or press ? or * to list all spells.
Aiming: Momentum Strike (safe; 9% risk of failure)
Press: ? - help, Dir - move target, f - hobgoblin
Aim: a hobgoblin (71% to hit)
The concentrated momentum hits the hobgoblin!
The hobgoblin dies!
You are unable to move.
Aiming: Shock (safe; 5% risk of failure)
Press: ? - help, Q - select action, (/) - cycle Shift-Dir - straight line The zap hits the giant cockroach.
You kill the giant cockroach!
You start resting.
You are no longer robbed of momentum.
Found a glowing yellow potion.
k - a glowing yellow potion A rat comes into view.
Aiming: Shock (safe; 5% risk of failure)
Press: ? - help, Q - select action, (/) - cycle Shift-Dir - straight line, f - rat
Aim: a rat (71% to hit)
The zap hits the rat.
You kill the rat!
k - 2 glowing yellow potions (gained 1)
Found a club.
You see here a rat corpse.
The orc priest calls down the wrath of Beogh upon you.
Beogh smites you!
Casting: Shock (safe; 5% risk of failure)
Confirm with . or Enter, or press ? or * to list all spells.
Aiming: Momentum Strike (safe; 9% risk of failure)
Press: ? - help, Dir - move target, f - orc priest
Aim: an orc priest, wielding a +2 mace of holy wrath and wearing a +0 leather armour (71% to hit)
The concentrated momentum hits the orc priest!
You are unable to move.
* * * LOW HITPOINT WARNING * * *
Aiming: Shock (safe; 5% risk of failure)
Press: ? - help, Q - select action, (/) - cycle Shift-Dir - straight line, f/p - orc priest
Aim: an orc priest, wielding a +2 mace of holy wrath and wearing a +0 leather armour (heavily wounded, 71% to hit)
The zap hits the orc priest.
The orc priest is almost dead.
* * * LOW HITPOINT WARNING * * *
The orc priest mumbles some strange prayers to Beogh against you.
Beogh smites you!
* * * LOW HITPOINT WARNING * * *
You don't have enough health to cast this spell.
Aiming: Shock (safe; 5% risk of failure)
Press: ? - help, Q - select action, (/) - cycle Shift-Dir - straight line, f/p - orc priest
Aim: an orc priest, wielding a +2 mace of holy wrath and wearing a +0 leather armour (almost dead, 71% to hit)
The zap misses the orc priest.
* * * LOW HITPOINT WARNING * * *
The orc priest invokes the aid of Beogh against you.
Beogh smites you!
Ouch! That really hurt!
You die...

####.# ##+## #..................
#.###...## ####....###.#......
#.##.....## #.##.###.#.##...
..##.#.......## #..#.....#.##...
.........)....####........#.##...
..............+..................
..###.........####...##.###......
#. ##.......###.o......# #...).#
# ##.....## #@######## ####.##
##...## #.# #.# #######'## #.#
#.# ..#<......# #.# #.#
......###.# #.# #.# .##.#.###.##
#.# #.# ...........## #.# #.#
..#.#.#.....# #.# #.#
.##.#.#....#####.# ...


You could see an orc priest.

Vanquished Creatures
  A dart slug (D:2)
  2 orcs (D:2)
  4 endoplasms (D:1)
  4 giant cockroaches
  4 goblins
  2 hobgoblins (D:2)
  3 jackals (D:2)
  A quokka (D:1)
  4 bats
  4 frilled lizards (D:1)
  A kobold (D:2)
  2 rats
32 creatures vanquished.

Vanquished Creatures (others)
  An endoplasm (D:2)
  A giant cockroach (D:2)
  A hobgoblin (D:2)
  4 toadstools (D:1)
7 creatures vanquished.

Grand Total: 39 creatures vanquished

Notes
Turn   | Place    | Note
-------+----------+-------------------------------------------
     0 | D:1      | RascalDebosk the Djinni Reaver began the quest for the Orb.
     0 | D:1      | RascalDebosk set off with the following spells memorised:
                  | Kiss of Death, Momentum Strike, Hailstorm.
     0 | D:1      | Reached XP level 1. HP: 18/18 MP: 0/0
   220 | D:1      | Reached XP level 2. HP: 13/13 MP: 0/0
   549 | D:1      | Reached skill level 3 in Spellcasting
   866 | D:2      | Reached XP level 3. HP: 20/20 MP: 0/0
   866 | D:2      | Learned a level 1 spell: Shock
  1317 | D:2      | Found Unnufaut's Weapon Shop.
  1490 | D:2      | HP: 1/22 [orc priest/divine providence (8)]
  1492 | D:2      | Killed from afar by an orc priest

Illustrated notes

Levels and vault maps discovered:
D:1:      ldierk_walled_garden_2, layout_loops_ring, minivault_11,
          nicolae_kite_square_tiling_tiny, minmay_misc_feat_iff,
          dk_noncrumbling_4, minivault_27
D:2:      layout_loops_corners, serial_shops, shop, minmay_misc_feat_nine_boxes

Skill      XL: |  1  2 |
---------------+-------+-----
Spellcasting   | 3 |  3.5
Fighting       | |  2.0
Long Blades    | |  2.6
Dodging        | |  2.1

Action                   || total
-------------------------++-------
Melee: Falchion          ||    63
 Cast: Kiss of Death     ||     3
       Shock             ||    25
       Momentum Strike   ||     4
 Stab: Sleeping          ||     2
Armor: Leather armour    ||    21
Dodge: Dodged            ||    59

Table legend: (Time is in decaauts)
 A = Elapsed time spent in this place.
 B = Non-inter-level travel time spent in this place.
 C = Inter-level travel time spent in this place.
 D = Time resting spent in this place.
 E = Time spent auto-exploring this place.
 F = Levels seen in this place.
 G = Mean time per level.
                   A        B        C        D        E       F      G
               +--------+--------+--------+--------+--------+-----+--------+
         Total |   1503 |   1462 |     41 |    130 |    554 |   2 |  751.5 |
       Dungeon |   1503 |   1462 |     41 |    130 |    554 |   2 |  751.5 |
               +--------+--------+--------+--------+--------+-----+--------+

Top non-repeatable levels by time:
     D:1: 929 daAuts
     D:2: 573 daAuts
